 Dungeon Crawl Stone Soup version 0.31.0-11-ge490571c62 (webtiles) character file.

Game seed: 8757570194555554841

48 qw the Shooter (level 3, 0/20 HPs)
             Began as a Deep Elf Hunter on Feb 4, 2024.
             Slain by a ribbon worm (4 damage)
             ... on level 2 of the Dungeon.
             The game lasted 00:00:06 (1404 turns).

qw the Shooter (Deep Elf Hunter)                    Turns: 1404, Time: 00:00:07

Health: 0/20       AC:  6    Str: 10    XL:     3   Next: 50%
Magic:  0/5        EV:  6    Int: 13    God:
Gold:   119        SH:  0    Dex: 18    Spells: 2/2 levels left

rFire   . . .        a - +0 shortbow
rCold   . . .        (shield currently unavailable)
rNeg    . . .        h - +1 ring mail
rPois   .            (no helmet)
rElec   .            (no cloak)
rCorr   .            (no gloves)
SInv    .            (no boots)
Will    .....        g - amulet of guardian spirit
Stlth   +            (no ring)
HPRegen 0.23/turn    (no ring)
MPRegen 0.09/turn

%: guardian spirit
@: held
A: no striking features
a: no special abilities


You were on level 2 of the Dungeon.
You visited 1 branch of the dungeon, and saw 2 of its levels.

You collected 119 gold pieces.


   Skills:
 - Level 1.5 Fighting
 + Level 7.0 Ranged Weapons
 - Level 2.4 Dodging
 - Level 1.2 Stealth


You had 2 spell levels left.
You didn't know any spells.
Your spell library was empty.

Inventory:

Hand Weapons
 a - a +0 shortbow (weapon)
Armour
 h - a +1 ring mail (worn)
Jewellery
 g - an amulet of guardian spirit (around neck)
Potions
 i - a potion of invisibility {unknown}
 j - a potion of magic {unknown}

Dungeon Overview and Level Annotations

Branches:
Dungeon (2/15)

Altars:
Vehumet


Message History

You shoot an arrow. The arrow hits the ribbon worm.
The ribbon worm is moderately wounded.
The ribbon worm closely misses you.
You shoot an arrow.
The arrow hits the ribbon worm but does no damage.
The ribbon worm is moderately wounded.
The ribbon worm bites you but does no damage.
You shoot an arrow. The arrow hits the ribbon worm!
The ribbon worm is severely wounded.
The ribbon worm expels a string of sticky webbing.
The stream of webbing hits you but does no damage.
You are caught in a web!
The ribbon worm bites you. The ribbon worm barely misses you.
The ribbon worm barely misses you. The ribbon worm bites you.
The ribbon worm expels a string of sticky webbing.
The stream of webbing hits you but does no damage.
You are even more entangled.
The ribbon worm closely misses you.
The ribbon worm bites you but does no damage.
The ribbon worm completely misses you.
You shoot an arrow. The arrow hits the ribbon worm.
The ribbon worm is moderately wounded.
The ribbon worm bites you but does no damage.
You shoot an arrow. The arrow hits the ribbon worm.
The ribbon worm is heavily wounded.
The ribbon worm bites you but does no damage.
You shoot an arrow. The arrow hits the ribbon worm.
The ribbon worm is severely wounded.
The ribbon worm expels a string of sticky webbing.
The stream of webbing hits you but does no damage.
You are caught in a web!
The ribbon worm barely misses you. The ribbon worm bites you.
The ribbon worm barely misses you. The ribbon worm bites you.
The ribbon worm barely misses you. The ribbon worm bites you.
You die...

...^...... ...
########.# #.# # #.#
#.# # #.# #.# # #.#
#.# # ####.####.#####
# #........?....#
#####..#.####.#.#.##
.......#.# #.#.@<.#
#.###..#.# #.#.w#...#
#.###..#.# #.##.. ###
.........# #.#$...
#.###..#####........
#.###.........#.....#
#......#####. ##...##
#####........ ...##
#####%#######


You could see a ribbon worm.

Vanquished Creatures
  An adder (D:2)
  A ribbon worm (D:2)
  3 ball pythons
  4 bats
  4 endoplasms (D:2)
  4 giant cockroaches
  A goblin (D:2)
  3 hobgoblins
  2 jackals (D:1)
  A quokka (D:1)
  3 frilled lizards
  3 kobolds
  3 rats (D:1)
33 creatures vanquished.

Notes
Turn   | Place    | Note
-------+----------+-------------------------------------------
     0 | D:1      | qw the Deep Elf Hunter began the quest for the Orb.
     0 | D:1      | Reached XP level 1. HP: 12/12 MP: 3/3
     0 | D:1      | 0 ||| qw: Version: 0.3-a-160-g6735b56
     0 | D:1      | 0 ||| qw: Game counter: 5345
     0 | D:1      | 0 ||| qw: Melee chars always use a shield: true
     0 | D:1      | 0 ||| qw: God list: Okawaru
     0 | D:1      | 0 ||| qw: Allow faded altars: false
     0 | D:1      | 0 ||| qw: Do Orc after clearing Dungeon:15 true
     0 | D:1      | 0 ||| qw: Do second Lair branch before Depths: true
     0 | D:1      | 0 ||| qw: Lair rune preference: random
     0 | D:1      | 0 ||| qw: Goals: Normal
     0 | D:1      | 0 ||| PLANNING D:1-11
   354 | D:1      | Found a faded altar of an unknown god.
   440 | D:1      | Reached XP level 2. HP: 16/16 MP: 4/4
   455 | D:1      | Reached skill level 6 in Ranged Weapons
   599 | D:1      | You fall into a shaft and drop 1 floor!
   609 | D:2      | Found a radiant altar of Vehumet.
   794 | D:2      | Reached XP level 3. HP: 18/20 MP: 5/5
   857 | D:2      | Reached skill level 7 in Ranged Weapons
   913 | D:2      | 913 ||| UPGRADING to +0 ring mail.
   923 | D:2      | 923 ||| DROPPING +0 leather armour.
   924 | D:2      | 924 ||| UPGRADING to amulet of guardian spirit.
   929 | D:2      | 929 ||| READING scroll labelled WAXOLO EPSOA.
   929 | D:2      | 929 ||| ENCHANTING +0 ring mail.
   930 | D:2      | 930 ||| READING scroll labelled FORIRGH KEET.
   931 | D:2      | 931 ||| READING scroll labelled LEB SUILUS.
  1032 | D:2      | 1032 ||| DROPPING scroll of butterflies.
  1034 | D:2      | 1034 ||| FLEEEEING.
  1035 | D:2      | 1035 ||| FLEEEEING.
  1036 | D:2      | 1036 ||| STAIRDANCE
  1252 | D:1      | 1252 ||| READING scroll labelled BUOSCHUJEEMES.
  1343 | D:2      | 1343 ||| STAIRDANCE
  1401 | D:2      | HP: 4/20 [ribbon worm (4)]
  1404 | D:2      | Slain by a ribbon worm

Levels and vault maps discovered:
D:1:      psy_arrival_conway, layout_loops_corners, basic_ecumenical_altar
D:2:      layout_loops_ring, basic_altar

Skill      XL: |  1  2  3 |
---------------+----------+-----
Ranged Weapons | 6 7 |  7.0
Fighting       | |  1.5
Dodging        | |  2.4
Stealth        | |  1.2

Action                     || total
---------------------------++-------
   Fire: Shortbow          ||   102
    Use: Scroll            ||     4
 Armour: Leather armour    ||    10
         Ring mail         ||    27
  Dodge: Dodged            ||    29

Table legend:
 A = Non-vault XP
 B = Vault XP
 C = Vault XP percentage of total XP
 D = Non-vault monster count
 E = Vault monster count
 F = Vault count percentage of total count
                 A         B        C        D         E       F
            +---------+---------+-------+---------+---------+-------
      Total |      69 |       0 |   0.0 |      33 |       0 |   0.0
            +---------+---------+-------+---------+---------+-------
        D:1 |      22 |       0 |   0.0 |      14 |       0 |   0.0
        D:2 |      47 |       0 |   0.0 |      19 |       0 |   0.0
            +---------+---------+-------+---------+---------+-------
